AoeStats
← TenienteDAN

Arabia

508897666Analyzed
1v1 RM · 7d ago on Sep 24, 2026· 42m 8s· 2 players
Game mode
Random Map
Map size
Tiny (2 player)
Population
200
Speed
Normal
Resources
Standard
Victory
Conquest
Starting age
Dark Age
Ending age
Imperial Age
RankedLock teamsTeams togetherTeam positionsShared explorationLock speedFull tech treeHidden civsTurbo modeCheats
Victory
Defeat
🇦🇷 Spanish · Argentina
1107
+16
🇺🇾 Malians · Uruguay
1110
-16
TenienteDAN
6:10 Loom
9:20 Feudal Age
9:57 Double-Bit Axe
10:49 Horse Collar
16:45 Fletching
19:30 Wheelbarrow
22:10 Castle Age
20:47 Padded Archer Armor
21:25 Town Watch
22:10 Gold Mining
22:41 Bloodlines
22:49 Bodkin Arrow
22:59 Husbandry
23:51 Thumb Ring
24:14 Bow Saw
25:43 Leather Archer Armor
28:16 Hand Cart
29:35 Town Patrol
29:53 Stone Mining
32:37 Ballistics
32:27 Masonry
32:24 Heavy Plow
37:17 Imperial Age
38:43 Bracer
39:14 Ring Archer Armor
39:47 Chemistry
39:26 Stone Shaft Mining
39:52 Two-Man Saw
39:38 Heavy Mounted Crossbowman
41:41 Conscription
CometB68
5:32 Loom
9:30 Feudal Age
10:54 Man-at-Arms
18:28 Horse Collar
22:18 Wheelbarrow
25:35 Castle Age
24:25 Forging
24:20 Scale Barding Armor
25:04 Bloodlines
28:36 Fletching
29:09 Chain Barding Armor
28:55 Stone Mining
Connection lost

Rejoining the realm…

Still unreachable

The connection could not be restored.

Session expired

The server has moved on; the page needs a fresh start.